 Dungeon Crawl Stone Soup version 0.31-a0-716-gc7603755dd (webtiles) character file.

Game seed: 2591466892900064200

2317 zazu2006 the Fighter (level 9, -1/77 HPs)
             Began as a Gnoll Wanderer on Sept 10, 2023.
             Was an Initiate of Vehumet.
             Shot with a sling bullet by Joseph (13 damage)
             ... on level 7 of the Dungeon.
             The game lasted 00:16:55 (7752 turns).

zazu2006 the Fighter (Gnoll Wanderer)               Turns: 7752, Time: 00:16:56

Health: -1/77      AC:  5    Str: 11 (13) XL:     9   Next: 41%
Magic:  16/16      EV: 12    Int: 11 (14) God:    Vehumet [......]
Gold:   264        SH:  0    Dex: 10 (12) Spells: 18/18 levels left

rFire   . . .        a - +3 spear
rCold   . . .        (no shield)
rNeg    . . .        u - +0 leather armour {Will+}
rPois   .            (no helmet)
rElec   .            A - +0 cloak
rCorr   .            (no gloves)
SInv    .            j - +0 pair of boots
Will    +....        v - amulet of the acrobat
Stlth   ++           (no ring)
HPRegen 0.32/turn    (no ring)
MPRegen 0.15/turn

%: acrobat
@: hasted, very quick
A: fangs 1, strong nose, distributed training
a: Renounce Religion


You were on level 7 of the Dungeon.
You worshipped Vehumet.
Vehumet was noncommittal.
You visited 2 branches of the dungeon, and saw 8 of its levels.
You also visited: Sewer.

You collected 264 gold pieces.

Inventory:

Hand Weapons
 a - a +3 spear (weapon)
 o - a +0 falchion of electrocution
Armour
 c - a +0 robe
 j - a +0 pair of boots (worn)
 u - a +0 leather armour of willpower (worn)
 A - a +0 cloak (worn)
Jewellery
 n - an amulet of faith
 v - an amulet of the acrobat (around neck)
Wands
 e - a wand of flame (3)
 B - a wand of digging (3)
Scrolls
 d - 4 scrolls of fog
 h - 3 scrolls of teleportation
 i - 2 scrolls of noise
 k - 2 scrolls of torment
 l - 2 scrolls of silence {unknown}
 s - a scroll of immolation
 t - a scroll of butterflies {unknown}
 y - a scroll of blinking {unknown}
Potions
 b - 3 potions of haste
 f - a potion of curing
 g - 3 potions of invisibility
 r - a potion of enlightenment {unknown}
 x - a potion of ambrosia
 z - a potion of lignification {unknown}


   Skills:
 + Level 9.6 Fighting
 + Level 4.3 Short Blades
 + Level 4.3 Long Blades
 + Level 4.3 Axes
 + Level 4.3 Maces & Flails
 + Level 6.3 Polearms
 + Level 4.3 Staves
 + Level 4.3 Ranged Weapons
 + Level 4.3 Throwing
 + Level 4.3 Armour
 + Level 5.1 Dodging
 + Level 4.3 Stealth
 + Level 4.3 Shields
 + Level 4.3 Unarmed Combat
 + Level 5.2 Spellcasting
 + Level 3.5 Conjurations
 + Level 3.5 Hexes
 + Level 3.5 Summonings
 + Level 3.5 Necromancy
 + Level 4.2 Translocations
 + Level 3.5 Transmutations
 + Level 3.5 Fire Magic
 + Level 3.5 Ice Magic
 + Level 3.5 Air Magic
 + Level 3.5 Earth Magic
 + Level 3.5 Poison Magic
 + Level 4.7 Invocations
 + Level 5.1 Evocations
 + Level 3.9 Shapeshifting


You had 18 spell levels left.
You didn't know any spells.
Your spell library contained the following spells:

 Spells                   Type           Power      Damage    Failure   Level
 Apportation              Tloc           24%        N/A       4%          1
 Lesser Beckoning         Tloc           24%        N/A       7%          2
 Momentum Strike          Conj/Tloc      22%        3d8       9%          2
 Jinxbite                 Hex            20%        N/A       10%         2
 Call Canine Familiar     Summ           10%        N/A       19%         3
 Sigil of Binding         Hex            10%        N/A       19%         3
 Dimensional Bullseye     Hex/Tloc       5%         N/A       47%         4
 Leda's Liquefaction      Hex/Erth       5%         N/A       52%         4
 Alistair's Intoxication  Tmut/Pois      6%         N/A       86%         5
 Fireball                 Conj/Fire      5%         3d5       86%         5
 Iskenderun's Battlesphe  Conj           10%        2d6       86%         5
 Conjure Ball Lightning   Conj/Air       5%         3x3d6     100%        6
 Orb of Destruction       Conj           5%         9d5       100%        7


Dungeon Overview and Level Annotations

Branches:
Dungeon (7/15)             Temple (1/1) D:6           Sewer (visited)

Altars:
Ashenzari
Cheibriados
Dithmenos
Fedhas
Gozag
Hepliaklqana
Kikubaaqudgha
Makhleb
Nemelex Xobeh
Okawaru
Qazlal
Ru
Sif Muna
Trog
Uskayaw
Vehumet
Wu Jian
Xom
Yredelemnul
Zin
The Shining One

Shops:
D:4 (

Annotations:
D:7 Joseph


Innate Abilities, Weirdness & Mutations

You have very sharp teeth.
Your uncanny sense of smell can sniff out nearby items.
Your experience applies equally to all skills.


Message History

Joseph barely misses you.
You hit Joseph but do no damage.
Joseph is moderately wounded.
You hit Joseph. You bite Joseph, but do no damage.
Joseph is heavily wounded.
Joseph hits you with a +0 quarterstaff!
You hit Joseph.
Joseph is heavily wounded.
You hit Joseph but do no damage.
Joseph is heavily wounded.
Joseph hits you with a +0 quarterstaff!
You hit Joseph. You punch Joseph, but do no damage.
Joseph is heavily wounded.
It was a potion of curing.
You feel better. Joseph hits you with a +0 quarterstaff!
It was a potion of ambrosia.
You are confused.
You feel invigorated. Joseph hits you with a +0 quarterstaff!
Joseph unwields a +0 quarterstaff.
Joseph wields a +0 sling.
Joseph shoots a sling bullet.
The sling bullet hits you.
Joseph shoots a sling bullet.
The sling bullet hits you!
You bump into the rock wall.
You feel less invigorated.
You feel less confused.
Joseph shoots a sling bullet.
The sling bullet hits you!
Aiming: Throw Flame
Press: ? - help, Shift-Dir - straight line, f/p - Joseph
Aim: Joseph, wielding a +0 sling and wearing a +0 ring mail (heavily wounded, poisoned, 77% to hit)
The puff of flame hits Joseph!
Joseph is severely wounded.
Joseph shoots a sling bullet.
The sling bullet hits you!
* * * LOW HITPOINT WARNING * * *
It was a potion of degeneration.
There was something very wrong with that liquid.
You feel weakened.
You feel dopey.
You feel clumsy.
Joseph shoots a sling bullet.
The sling bullet closely misses you.
You feel better.
Joseph shoots a sling bullet.
The sling bullet hits you!
* * * LOW HITPOINT WARNING * * *
You feel yourself speed up.
Joseph shoots a sling bullet.
The sling bullet hits you!
You die...

#.##.##.# ......#.# #.
....#.#.# ... ......#.#
#.. #.#####.# #.####
#.# #.####### #....
#.#####.#.....# #..#
..............######..#
...####.........@.....#
#..# ###.....#.......#
#..# ###.....######@.#
#..####.........#
#........
........###.###.#
#(####### #..####.# #.#
#.# #.# #..# #.# #.#
#.# #.# #..# #.# #.#
#.# #.# #..# #.# #.#
#.# #.#


You could see Joseph (poisoned).

Vanquished Creatures
  Sigmund (D:6)
  A wyvern (D:6)
  Menkaure (D:4)
  A black bear (D:5)
  An ice beast (D:5)
  An ogre (D:4)
  A kobold brigand (D:6)
  4 scorpions
  A howler monkey (D:5)
  9 hounds
  6 jellies
  2 orc priests
  Jessica (D:3)
  Ijyb (D:5)
  3 iguanas
  7 orc wizards
  A sleepcap (D:5)
  4 gnolls
  3 river rats
  12 adders
  2 white imps
  A worm (D:3)
  3 dart slugs
  12 orcs
  9 ball pythons
  13 endoplasms
  10 giant cockroaches
  6 goblins
  8 hobgoblins
  5 jackals
  2 quokkas
  12 bats
  9 frilled lizards
  10 kobolds
  8 rats
171 creatures vanquished.

Vanquished Creatures (others)
  A sky beast (D:7)
  An orc wizard (D:4)
2 creatures vanquished.

Grand Total: 173 creatures vanquished

Notes
Turn   | Place    | Note
-------+----------+-------------------------------------------
     0 | D:1      | zazu2006 the Gnoll Wanderer began the quest for the Orb.
     0 | D:1      | zazu2006 set off with the following items: a +3 spear, a
                  | potion of heal wounds, a +0 robe; and the following spells
                  | available to memorise: Lesser Beckoning, Momentum Strike.
     0 | D:1      | Reached XP level 1. HP: 26/26 MP: 4/4
    72 | D:1      | Reached XP level 2. HP: 21/33 MP: 5/5
   292 | D:1      | Reached XP level 3. HP: 35/38 MP: 7/7
   693 | D:1      | Reached skill level 1 in Invocations
  1207 | D:2      | Reached skill level 1 in Short Blades
  1207 | D:2      | Reached skill level 1 in Long Blades
  1207 | D:2      | Reached skill level 1 in Axes
  1207 | D:2      | Reached skill level 1 in Maces & Flails
  1207 | D:2      | Reached skill level 1 in Staves
  1207 | D:2      | Reached skill level 1 in Ranged Weapons
  1207 | D:2      | Reached skill level 1 in Throwing
  1207 | D:2      | Reached skill level 1 in Armour
  1207 | D:2      | Reached skill level 1 in Stealth
  1207 | D:2      | Reached skill level 1 in Shields
  1207 | D:2      | Reached skill level 1 in Unarmed Combat
  1219 | D:2      | Reached XP level 4. HP: 35/45 MP: 8/8
  1313 | D:2      | Reached skill level 1 in Shapeshifting
  1415 | D:2      | Found a faded altar of an unknown god.
  1628 | D:2      | Reached skill level 1 in Conjurations
  1628 | D:2      | Reached skill level 1 in Hexes
  1628 | D:2      | Reached skill level 1 in Summonings
  1628 | D:2      | Reached skill level 1 in Necromancy
  1628 | D:2      | Reached skill level 1 in Transmutations
  1628 | D:2      | Reached skill level 1 in Fire Magic
  1628 | D:2      | Reached skill level 1 in Ice Magic
  1628 | D:2      | Reached skill level 1 in Air Magic
  1628 | D:2      | Reached skill level 1 in Earth Magic
  1628 | D:2      | Reached skill level 1 in Poison Magic
  2015 | D:3      | Noticed Jessica
  2041 | D:3      | Reached XP level 5. HP: 27/51 MP: 9/9
  2045 | D:3      | Killed Jessica
  2232 | D:3      | Found a glowing drain.
  2246 | Sewer    | Entered a sewer
  2330 | Sewer    | Reached XP level 6. HP: 42/57 MP: 9/11
  2498 | Sewer    | Found a viscous altar of Jiyva.
  2510 | Sewer    | Reached skill level 5 in Polearms
  3297 | D:4      | Found a large runed translucent door.
  3298 | D:4      | Found a large runed translucent door.
  3319 | D:4      | Reached XP level 7. HP: 35/63 MP: 12/12
  3349 | D:4      | Found Tuthry's Weapon Boutique.
  3524 | D:4      | Reached skill level 9 in Fighting
  3836 | D:4      | Noticed Menkaure
  3847 | D:4      | Killed Menkaure
  3848 | D:4      | Reached XP level 8. HP: 39/71 MP: 14/14
  4366 | D:4      | Found an iron altar of Okawaru.
  4369 | D:4      | Found a blossoming altar of Fedhas.
  4384 | D:5      | Entered Level 5 of the Dungeon
  4823 | D:5      | Noticed Ijyb
  5021 | D:5      | Killed Ijyb
  5792 | D:5      | Reached XP level 9. HP: 65/77 MP: 16/16
  6259 | D:6      | Noticed Sigmund
  6316 | D:6      | Killed Sigmund
  6317 | D:6      | Reached skill level 5 in Spellcasting
  6380 | D:6      | Found a staircase to the Ecumenical Temple.
  6545 | D:6      | Reached skill level 5 in Dodging
  6545 | D:6      | Reached skill level 5 in Evocations
  7365 | Temple   | Entered the Ecumenical Temple
  7374 | Temple   | Became a worshipper of Vehumet
  7726 | D:7      | Noticed Joseph
  7752 | D:7      | Shot with a sling bullet by Joseph

Illustrated notes

Levels and vault maps discovered:
D:1:      minmay_arrival_solitary_statue, layout_basic, interstate_on_off
D:2:      layout_rooms, hellmonk_ecumenical_altar_leap_of_faith,
          kennysheep_small_spiral, minmay_hexomino_p4
D:3:      layout_basic, portal_sewer_entry_e, uniq_jessica
D:4:      layout_rooms, jmf_multi_god_temple2, serial_shops,
          nicolae_shop_bloodbath_and_beyond,
          minmay_a_box_with_orc_wizards_in_it, uniq_menkaure
D:5:      layout_loops_ring, uniq_ijyb
D:6:      layout_loops_ring, minmay_temple_entry_overgrown,
          hangedman_decor_lopped, uniq_sigmund
D:7:      layout_loops_ring, uniq_joseph
Temple:   compressed_dpeg_triangle_lava_temple

Skill      XL: |  1  2  3  4  5  6  7  8  9 |
---------------+----------------------------+-----
Translocations | 2 3 4 |  4.2
Invocations    | 1 2 3 4 |  4.7
Short Blades   | 1 2 3 4 |  4.3
Long Blades    | 1 2 3 4 |  4.3
Axes           | 1 2 3 4 |  4.3
Maces & Flails | 1 2 3 4 |  4.3
Staves         | 1 2 3 4 |  4.3
Ranged Weapons | 1 2 3 4 |  4.3
Throwing       | 1 2 3 4 |  4.3
Armour         | 1 2 3 4 |  4.3
Stealth        | 1 2 3 4 |  4.3
Shields        | 1 2 3 4 |  4.3
Unarmed Combat | 1 2 3 4 |  4.3
Spellcasting   | 3 4 5 |  5.2
Shapeshifting  | 1 2 3 |  3.9
Conjurations   | 1 2 3 |  3.5
Hexes          | 1 2 3 |  3.5
Summonings     | 1 2 3 |  3.5
Necromancy     | 1 2 3 |  3.5
Transmutations | 1 2 3 |  3.5
Fire Magic     | 1 2 3 |  3.5
Ice Magic      | 1 2 3 |  3.5
Air Magic      | 1 2 3 |  3.5
Earth Magic    | 1 2 3 |  3.5
Poison Magic   | 1 2 3 |  3.5
Dodging        | 3 4 5 |  5.1
Evocations     | 3 4 5 |  5.1
Polearms       | 5 6 |  6.3
Fighting       | 9 |  9.6

Action                     |  1- 3 |  4- 6 |  7- 9 || total
---------------------------+-------+-------+-------++-------
  Melee: Spear             |    88 |   215 |   356 ||   659
         Bite              |     5 |    20 |    39 ||    64
         Punch             |     2 |     4 |    11 ||    17
  Throw: Dart              |     5 |    16 |    59 ||    80
  Evoke: Wand              |       |       |    10 ||    10
    Use: Scroll            |       |     7 |     1 ||     8
         Potion            |       |     1 |     5 ||     6
   Stab: Sleeping          |     3 |     4 |     2 ||     9
 Armour: Robe              |    29 |   115 |   158 ||   302
         Leather armour    |       |       |    23 ||    23
  Dodge: Dodged            |    47 |   149 |   163 ||   359

Table legend: (Time is in decaauts)
 A = Elapsed time spent in this place.
 B = Non-inter-level travel time spent in this place.
 C = Inter-level travel time spent in this place.
 D = Time resting spent in this place.
 E = Time spent auto-exploring this place.
 F = Levels seen in this place.
 G = Mean time per level.
                   A        B        C        D        E       F      G
               +--------+--------+--------+--------+--------+-----+--------+
         Total |   7665 |   7391 |    274 |    278 |   5406 |   9 |  851.7 |
       Dungeon |   6974 |   6709 |    265 |    278 |   4899 |   7 |  996.3 |
        Temple |     18 |      9 |      9 |      0 |      0 |   1 |   18.0 |
         Sewer |    672 |    672 |      0 |      0 |    507 |   1 |  672.0 |
               +--------+--------+--------+--------+--------+-----+--------+

Top non-repeatable levels by time:
     D:5: 1431 daAuts
     D:4: 1375 daAuts
     D:6: 1256 daAuts
     D:1: 1146 daAuts
     D:2: 757 daAuts
     D:3: 690 daAuts
   Sewer: 672 daAuts
     D:7: 317 daAuts
  Temple: 18 daAuts
